 Dungeon Crawl Stone Soup version 0.13-a0-3133-gec0fa00 (webtiles) character file.

47924 4tharraofdagon the Metallomancer (level 14, -11/68 HPs)
             Began as a Gargoyle Earth Elementalist on Sept 21, 2013.
             Was a High Priest of Vehumet.
             Shot with an arrow by a deep elf master archer (22 damage)
             ... on Level 3 of the Elven Halls.
             The game lasted 01:19:01 (10558 turns).

4tharraofdagon the Metallomancer (GrEE)            Turns: 10558, Time: 01:19:01

HP -11/68        AC 23     Str 15      XL: 14   Next: 41%
MP  18/33        EV 10     Int 21      God: Vehumet [*****.]
Gold 606         SH  9     Dex 10      Spells:  6 memorised, 18 levels left

Res.Fire  : . . .   See Invis. : .   q - staff of earth
Res.Cold  : + . .   Warding    : .   e - +0 troll leather armour
Life Prot.: + . .   Conserve   : +   O - +1 buckler {AC+3}
Res.Poison: +       Res.Corr.  : .   i - +0 helmet
Res.Elec. : +       Clarity    : .   w - +1 cloak {MR+}
Sust.Abil.: . .     Spirit.Shd : .   y - +1 pair of gauntlets {Str+3}
Res.Mut.  : .       Stasis     : .   s - +0 pair of elf boots
Res.Rott. : +       Flight     : .   R - amulet of conservation
Saprovore : . . .                    k - +1 ring of protection
                                     E - ring of protection from cold

@: quite resistant to hostile enchantments, fairly stealthy
A: large and strong wings, fangs 1, talons 2, life protection 1, electricity
resistance, slow metabolism 1, unbreathing, petrification resistance, AC +9
a: Fly, Renounce Religion


You were on level 3 of the Elven Halls.
You worshipped Vehumet.
Vehumet was extremely pleased with you.
You were very hungry.

You visited 4 branches of the dungeon, and saw 16 of its levels.

You collected 1368 gold pieces.
You spent 782 gold pieces at shops.

Inventory:

Hand weapons
 f - a +0 blowgun
 h - a +1,+2 orcish dagger
 m - a +2,+0 flail of protection
 x - the -2,+4 falchion of a bazaar {slice, rN+}
   (You found it on level 6 of the Dungeon)

   It inflicts extra damage upon your enemies.
   It protects you from negative energy.
 M - a +2,+1 elven short sword
 T - the +9,+12 sling "Punk" {frost, rC+}
   (You found it on level 2 of the Elven Halls)

   It turns projectiles fired from it into bolts of frost.
   It protects you from cold.
Missiles
 b - 7 stones (quivered)
 p - 10 poisoned needles
Armour
 c - a +0 robe
 e - a +0 troll leather armour (worn)
 i - a +0 helmet (worn)
 j - a +0 leather armour
 n - a +2 orcish robe of positive energy
 s - a +0 pair of elven boots (worn)
 t - a +0 elven leather armour
 u - a +0 pair of orcish boots
 w - a +1 cloak of magic resistance (worn)
 y - a +1 pair of gauntlets of strength (worn)
 D - a cursed +0 shield of reflection
 F - a +1 orcish leather armour of fire resistance
 G - a +2 orcish robe of cold resistance
 L - a +2 elven leather armour of magic resistance
 O - a +1 buckler of protection (worn)
Magical devices
 g - a wand of frost (12)
 l - a wand of draining (4)
 r - a wand of lightning (2)
 A - a wand of draining (3)
 H - a wand of cold (0)
 I - a wand of fireball (6)
 K - a wand of magic darts (11)
Comestibles
 a - 2 bread rations
 v - 4 chunks of elf flesh
 J - 9 meat rations
Scrolls
 C - a scroll of remove curse
Jewellery
 k - a +1 ring of protection (right hand)
 E - a ring of protection from cold (left hand)
 Q - a +2 ring of strength
 R - an amulet of conservation (around neck)
Potions
 z - 2 potions of poison
Books
 d - a book of Geomancy

   Spells                             Type                      Level
   *Sandblast                         Earth                        1
   *Stoneskin                         Transmutation/Earth          2
   Passwall                           Transmutation/Earth          3
   *Stone Arrow                       Conjuration/Earth            3
   Petrify                            Transmutation/Earth          4
   *Lee's Rapid Deconstruction        Earth                        5
Magical staves
 q - an uncursed staff of earth (weapon)
Miscellaneous
 B - a plain deck of war {drawn: 2}


   Skills:
 - Level 1.5 Dodging
 - Level 2.1 Stealth
 - Level 2.0 Shields
 + Level 12.9 Spellcasting
 - Level 0.7 Transmutations
 * Level 21.7 Earth Magic


You had 18 spell levels left.
You knew the following spells:

 Your Spells              Type           Power        Failure   Level  Hunger
a - Sandblast             Erth           ######       0%          1    None
b - Stone Arrow           Conj/Erth      ######       1%          3    None
c - Lee's Rapid Deconstr  Erth           ########..   1%          5    ###....
d - Stoneskin             Trmt/Erth      ######....   1%          2    None
e - Conjure Flame         Conj/Fire      ##......     4%          3    None
f - Iron Shot             Conj/Erth      ######....   3%          6    #####..


Dungeon Overview and Level Annotations

Branches:
Dungeon (8/27)             Temple (1/1) D:6             Orc (4/4) D:7
    Elf (3/3) Orc:4
   Lair: D:8-13

Altars:
Ashenzari
Cheibriados
Elyvilon
Fedhas
Makhleb
Nemelex Xobeh
Vehumet
Xom
Zin
Beogh
Jiyva

Shops:
D:6 [[(   Orc:4 =(   Elf:2 (

Annotations:
D:6 FOOOOOOOOOOOOD
Elf:3 exclusion: upstairs, Mara


Innate Abilities, Weirdness & Mutations

You are resistant to torment.
You are immune to poison.
You can fly continuously.
Your stone body is very resilient (AC +9).
Your wings are large and strong.
You have very sharp teeth.
You have razor-sharp toenails.
You resist negative energy.
You are resistant to electric shocks.
You have a slow metabolism.
You can survive without breathing.
You are immune to petrification.


Message History

Mara throws fire at you. The bolt of fire hits you!
Ouch! That really hurt!
* * * LOW HITPOINT WARNING * * *
Unknown command.
Unknown command.
There is an open door here.
You close the door.
Mara opens the door.
A deep elf sorcerer comes into view. It is wielding an elven long sword.
Unknown command.
Read which item? (? for menu, Esc to quit)
Okay, then.
Drink which item? (? for menu, Esc to quit)
You feel refreshed.
It was a potion of restore abilities.
The deep elf master archer shouts!
The deep elf master archer wields an elven longbow.
The deep elf master archer shoots an arrow.
The arrow hits you!
You die...

##.........# #..# ##.....
##..........# #..# ##......
##......e....# #..# #.......
#............# #..# #.......
##.............# #..# #.......
###..............####..###......§
..'..............'.....e.'.....§§
..#.............f'.......'......§
..#.............@###.##..#.......
..#..............# #.##..#.......
..#..............# #.##..#.......
..#..............# #.##..#.......
..##....f........# #.##..##......
..##'##########R## #.##..##R.####
..##.# #.# #.##[)..(.##.. ..##.#
#.####.#.<.(...(.e[ .....#
#......R.<...[#####


You could see Mara, a deep elf master archer and a deep elf sorcerer
(wandering).

Vanquished Creatures
  3 deep elf master archers (Elf:3)
  A deep elf blademaster (Elf:3)
  3 deep elf sorcerers (Elf:3)
  3 deep elf demonologists (Elf:3)
  4 deep elf annihilators (Elf:3)
  A deep elf death mage (Elf:3)
  A minotaur (shapeshifter) (Elf:3)
  A deep elf high priest (Elf:3)
  Nessos (Orc:4)
  2 orc high priests
  9 deep elf knights
  5 unseen horrors (Elf:2)
  3 deep elf conjurers
  4 orc sorcerers
  5 deep elf summoners
  An orange demon (Elf:2)
  Psyche (Orc:4)
  An orb spider (shapeshifter) (Elf:1)
  A blue devil (Elf:2)
  3 trolls
  8 deep elf priests
  2 tarantellas (Elf:3)
  A redback (Elf:1)
  20 deep elf magi
  4 yaks (D:7)
  A hungry ghost (D:7)
  18 deep elf fighters
  26 orc warriors
  2 ice beasts
  3 centaurs
  6 ogres
  3 wargs
  A giant frog (D:7)
  5 insubstantial wisps (Elf:2)
  6 killer bees
  2 crimson imps
  2 jellies
  15 orc priests
  3 hounds
  28 orc wizards
  2 worker ants
  4 adders
  4 worms
  2 ufetubi (Orc:1)
  A giant eyeball (D:7)
  3 oozes (D:6)
  135 orcs
  3 bats
  A giant cockroach (D:5)
  15 goblins
  12 hobgoblins
  2 giant newts
  A jackal zombie (D:6)
  7 kobolds
  2 orc skeletons
  An orc zombie (Orc:4)
  10 rats
  A fungus (Elf:2)
415 creatures vanquished.

Vanquished Creatures (others)
  Donald (Elf:2)
  2 water elementals (Elf:2)
  An ogre (Orc:4)
  17 insubstantial wisps (Elf:2)
  4 orcs
25 creatures vanquished.

Grand Total: 440 creatures vanquished

Notes
Turn   | Place    | Note
--------------------------------------------------------------
     0 | D:1      | 4tharraofdagon, the Gargoyle Earth Elementalist, began the quest for the Orb.
     0 | D:1      | Reached XP level 1. HP: 10/10 MP: 3/3
   129 | D:3      | Reached skill level 4 in Earth Magic
   186 | D:3      | Reached XP level 2. HP: 15/15 MP: 2/4
   258 | D:3      | 4tharraofdagon: i swear you guys just spawned from thin air (hello)
   319 | D:4      | katzbalger: hi
   322 | D:4      | Misa: hello again
   329 | D:5      | Entered Level 5 of the Dungeon
   345 | D:5      | Reached XP level 3. HP: 19/19 MP: 0/6
   372 | D:5      | Learned a level 3 spell: Stone Arrow
   389 | D:5      | Reached skill level 5 in Earth Magic
   513 | D:6      | Found a white marble altar of Elyvilon.
   524 | D:6      | Noticed a centaur
   543 | D:6      | Killed a centaur
   543 | D:6      | Reached XP level 4. HP: 11/24 MP: 0/8
   543 | D:6      | Reached XP level 5. HP: 12/28 MP: 0/10
   578 | D:6      | problematic
   654 | D:6      | Reached skill level 6 in Earth Magic
   676 | D:6      | Noticed a centaur
   682 | D:6      | Killed a centaur
   682 | D:6      | Reached XP level 6. HP: 12/32 MP: 2/12
   715 | D:6      | Learned a level 5 spell: Lee's Rapid Deconstruction
   888 | D:6      | Found Chaet's Antique Armour Emporium.
   890 | D:6      | Bought a runed cloak for 20 gold pieces
   902 | D:6      | Got a jewelled falchion
   910 | D:6      | Found Giupneam's Weapon Shop.
   924 | D:6      | Identified the -2,+4 falchion of a bazaar {slice, rN+} (You found it on level 6 of the Dungeon)
   925 | D:6      | Noticed an ogre
   963 | D:6      | 4tharraofdagon: hmm looks like temple
   970 | D:6      | Misa: blowgun ogre later?
   970 | D:6      | :(
   984 | D:6      | Noticed a centaur
   989 | D:6      | Misa: uh
   993 | D:6      | Found a viscous altar of Jiyva.
  1001 | D:6      | Found Bypu's Armour Shoppe.
  1018 | D:6      | Reached skill level 7 in Earth Magic
  1036 | D:6      | 4tharraofdagon: ye
  1037 | D:6      | 4tharraofdagon: one banished
  1149 | D:5      | Found a burning altar of Makhleb.
  1152 | D:5      | Found a glowing silver altar of Zin.
  1154 | D:5      | Noticed an angel
  1160 | D:5      | Noticed an Executioner
  1178 | D:5      | Misa: tons of exp just waiting
  1178 | D:5      | 4tharraofdagon: yep
  1260 | D:6      | Found a staircase to the Ecumenical Temple.
  1271 | D:6      | Noticed an ogre
  1273 | Temple   | Entered the Ecumenical Temple
  1291 | Temple   | Became a worshipper of Vehumet
  1322 | D:6      | Killed an ogre
  1361 | D:6      | Learned a level 2 spell: Stoneskin
  1423 | D:6      | 4tharraofdagon: have to figure how to fast kill executioner
  1476 | D:6      | Bought a +1 pair of gauntlets of strength for 154 gold pieces
  1512 | D:6      | Found Mimoqoig's Food Emporium.
  1555 | D:6      | Reached XP level 7. HP: 36/36 MP: 0/15
  1591 | D:6      | Killed an ogre
  1591 | D:6      | Reached skill level 8 in Earth Magic
  1838 | D:7      | Found a sparkling altar of Nemelex Xobeh.
  1879 | D:7      | Paralysed by a giant eyeball for 4 turns
  1976 | D:7      | Noticed a yak
  1977 | D:7      | Noticed a yak
  1979 | D:7      | Noticed a yak
  1981 | D:7      | Noticed a yak
  1986 | D:7      | Killed a yak
  1986 | D:7      | Reached skill level 9 in Earth Magic
  1986 | D:7      | Killed a yak
  1986 | D:7      | Reached XP level 8. HP: 29/41 MP: 1/18
  1988 | D:7      | Killed a yak
  1988 | D:7      | Reached skill level 10 in Earth Magic
  1988 | D:7      | Killed a yak
  1988 | D:7      | Reached skill level 5 in Spellcasting
  2031 | D:7      | Acquired Vehumet's first power
  2031 | D:7      | Offered knowledge of Sting by Vehumet.
  2254 | D:7      | Reached skill level 11 in Earth Magic
  2321 | D:7      | Reached XP level 9. HP: 42/45 MP: 0/21
  2384 | D:7      | Found a staircase to the Orcish Mines.
  2513 | D:7      | Noticed a hungry ghost
  2517 | D:7      | Killed a hungry ghost
  2666 | D:8      | Reached skill level 12 in Earth Magic
  2672 | D:7      | Offered knowledge of Searing Ray by Vehumet.
  2843 | Orc:1    | Entered Level 1 of the Orcish Mines
  3012 | Orc:1    | Noticed an orc sorcerer
  3014 | Orc:1    | Noticed an iron devil
  3020 | Orc:1    | Killed an orc sorcerer
  3109 | Orc:1    | Offered knowledge of Conjure Flame by Vehumet.
  3109 | Orc:1    | Reached skill level 13 in Earth Magic
  3118 | D:7      | Learned a level 3 spell: Conjure Flame
  3329 | Orc:1    | Acquired Vehumet's second power
  3537 | Orc:1    | Reached XP level 10. HP: 50/50 MP: 10/24
  3814 | D:6      | Bought a +1 buckler of protection for 271 gold pieces
  3934 | Orc:2    | Offered knowledge of Mephitic Cloud by Vehumet.
  4055 | Orc:2    | Found a shimmering altar of Xom.
  4177 | Orc:3    | Reached skill level 1 in Shields
  4238 | Orc:3    | Acquired Vehumet's third power
  4330 | Orc:3    | Offered knowledge of Lightning Bolt by Vehumet.
  4337 | Orc:3    | Reached skill level 14 in Earth Magic
  4557 | Orc:4    | Entered Level 4 of the Orcish Mines
  4573 | Orc:4    | Noticed Nessos
  4575 | Orc:4    | Misa: uh
  4575 | Orc:4    | :(
  4587 | Orc:4    | Noticed an orc sorcerer
  4829 | Orc:4    | Misa: he run out of ammo?
  4829 | Orc:4    | Killed Nessos
  4832 | Orc:4    | 4tharraofdagon: yep
  4869 | Orc:3    | Killed an orc sorcerer
  4984 | D:6      | Bought a meat ration for 44 gold pieces
  4984 | D:6      | Bought a meat ration for 44 gold pieces
  4984 | D:6      | Bought a meat ration for 44 gold pieces
  4984 | D:6      | Bought a bread ration for 44 gold pieces
  4984 | D:6      | Bought a meat ration for 44 gold pieces
  4984 | D:6      | Bought a meat ration for 44 gold pieces
  4984 | D:6      | Bought a meat ration for 44 gold pieces
  4984 | D:6      | Bought an apple for 8 gold pieces
  4984 | D:6      | Bought a pear for 8 gold pieces
  4984 | D:6      | Bought a banana for 13 gold pieces
  5276 | Orc:3    | Noticed an orc sorcerer
  5280 | Orc:3    | Killed an orc sorcerer
  5280 | Orc:3    | Reached skill level 15 in Earth Magic
  5349 | Orc:4    | Offered knowledge of Olgreb's Toxic Radiance by Vehumet.
  5396 | Orc:4    | Found a roughly hewn altar of Beogh.
  5396 | Orc:4    | Found Cranixee's Jewellery Shoppe.
  5397 | Orc:4    | 4tharraofdagon: what is beogh wrath
  5397 | Orc:4    | Misa: heh
  5397 | Orc:4    | Misa: do it!
  5397 | Orc:4    | 4tharraofdagon: zerking orc warlords?
  5398 | Orc:4    | Misa: just smites, I think
  5400 | Orc:4    | Noticed Psyche
  5401 | Orc:4    | Reached XP level 11. HP: 54/54 MP: 11/27
  5416 | Orc:4    | Killed Psyche
  5566 | Orc:4    | Misa: did you pick up dagger?
  5567 | Orc:4    | 4tharraofdagon: which one
  5567 | Orc:4    | Misa: psyche
  5567 | Orc:4    | 4tharraofdagon: nn
  5756 | Orc:4    | Found a roughly hewn altar of Beogh.
  5783 | Orc:4    | Noticed an orc sorcerer
  5785 | Orc:4    | Killed an orc sorcerer
  5884 | Orc:4    | Noticed an orc high priest
  5888 | Orc:4    | 4tharraofdagon: :(
  6172 | Orc:4    | Misa: that was intense
  6207 | Orc:4    | Misa: a single smite could ruin all
  6224 | Orc:4    | Reached skill level 16 in Earth Magic
  6237 | Orc:4    | :)
  6237 | Orc:4    | Misa: nice, hide
  6303 | Orc:4    | Found a roughly hewn altar of Beogh.
  6366 | Orc:4    | Noticed an ice devil
  6368 | Orc:4    | Killed an orc high priest
  6553 | Orc:4    | Found a roughly hewn altar of Beogh.
  6555 | Orc:4    | Found Guhan's Weapon Emporium.
  6569 | Orc:4    | 4tharraofdagon: wow what a sword
  6569 | Orc:4    | 4tharraofdagon: it possibly owns cerebov
  6605 | Orc:4    | Found a staircase to the Elven Halls.
  6615 | Elf:1    | Entered Level 1 of the Elven Halls
  6615 | Elf:1    | Noticed a deep elf conjurer
  6619 | Elf:1    | Killed a deep elf conjurer
  6716 | Elf:1    | Offered knowledge of Iron Shot by Vehumet.
  6765 | Elf:1    | Learned a level 6 spell: Iron Shot
  6796 | Elf:2    | Found Poonodid's Antique Weapon Shop.
  6818 | Elf:3    | Entered Level 3 of the Elven Halls
  6937 | Elf:3    | Identified a scroll of acquirement
  6941 | Elf:3    | Misa: niiiiice
  6958 | Elf:3    | 4tharraofdagon: that was scarrrry
  7076 | Elf:3    | Noticed a deep elf demonologist
  7078 | Elf:3    | Killed a deep elf demonologist
  7133 | Elf:3    | Misa: gogo elf3 under 8k turns
  7145 | Elf:3    | Reached skill level 17 in Earth Magic
  7223 | Elf:3    | Noticed a deep elf conjurer
  7227 | Elf:3    | Reached skill level 10 in Spellcasting
  7230 | Elf:3    | Killed a deep elf conjurer
  7230 | Elf:3    | Reached XP level 12. HP: 54/59 MP: 12/29
  7321 | Elf:3    | Noticed a deep elf knight
  7342 | Elf:3    | Killed a deep elf knight
  7490 | Elf:3    | hurdos: wow, you had to be elven:3 in 5k :)
  7520 | Elf:3    | 4tharraofdagon: i used to be at elves at 5k but with melee
  7520 | Elf:3    | 4tharraofdagon: makhleb summons own here
  7622 | Elf:3    | Noticed a deep elf knight
  7622 | Elf:3    | Noticed a deep elf knight
  7627 | Elf:3    | Killed a deep elf knight
  7635 | Elf:3    | Killed a deep elf knight
  7635 | Elf:3    | Reached skill level 18 in Earth Magic
  7692 | Elf:3    | Noticed a deep elf annihilator
  7695 | Elf:3    | Killed a deep elf annihilator
  7814 | Elf:2    | Noticed a deep elf conjurer
  7814 | Elf:2    | Noticed Donald
  7820 | Elf:3    | Killed a deep elf conjurer
  7897 | Elf:3    | Noticed an alligator
  7898 | Elf:3    | Noticed a minotaur
  7898 | Elf:3    | an alligator changed into a minotaur
  7901 | Elf:3    | Killed a minotaur
  7987 | Elf:3    | Noticed a deep elf high priest
  7993 | Elf:3    | 4tharraofdagon: bad entrance
  7999 | Elf:3    | Misa: bad entrance
  8001 | Elf:3    | Misa: hive )
  8001 | Elf:3    | 4tharraofdagon: :(
  8001 | Elf:3    | hurdos: there is very open area :(
  8001 | Elf:3    | 4tharraofdagon: yep
  8001 | Elf:3    | Misa: it's possible to dig into vault with lrd?
  8001 | Elf:3    | 4tharraofdagon: ye
  8003 | Elf:3    | 4tharraofdagon: but they will swarm eventually
  8044 | Elf:3    | 4tharraofdagon: too much effort
  8214 | Elf:3    | Misa: may be more shops on level 2 with digging wand?
  8215 | Elf:3    | Killed a deep elf high priest
  8218 | Elf:3    | 4tharraofdagon: i cant go there
  8218 | Elf:3    | 4tharraofdagon: warlord or roka guards it
  8218 | Elf:3    | Misa: why? Elf 2
  8218 | Elf:3    | 4tharraofdagon: and i dont have panick buttons
  8218 | Elf:3    | 4tharraofdagon: naa,slight chance
  8263 | Elf:2    | hurdos: panic button?
  8300 | Elf:3    | Noticed a deep elf death mage
  8339 | Elf:3    | Killed a deep elf death mage
  8370 | Elf:3    | Noticed a deep elf sorcerer
  8372 | Elf:3    | Killed a deep elf sorcerer
  8374 | Elf:3    | Noticed a deep elf annihilator
  8377 | Elf:3    | Killed a deep elf annihilator
  8377 | Elf:3    | Reached skill level 19 in Earth Magic
  8465 | Elf:3    | hurdos: looks like LRD is very powerful
  8504 | Elf:3    | Misa: well, staff of earth and earth magic 17+
  8514 | Elf:3    | Noticed a deep elf master archer
  8525 | Elf:3    | Noticed a deep elf knight
  8535 | Elf:3    | Misa: nasty archers
  8576 | Elf:3    | Killed a deep elf knight
  8576 | Elf:3    | Reached XP level 13. HP: 53/63 MP: 24/31
  8585 | Elf:3    | Noticed a deep elf sorcerer
  8586 | Elf:3    | Misa: have stoneskin?
  8588 | Elf:3    | Killed a deep elf sorcerer
  8681 | Elf:3    | Noticed a deep elf master archer
  8696 | Elf:3    | Killed a deep elf master archer
  8770 | Elf:3    | Noticed a deep elf blademaster
  8771 | Elf:3    | Killed a deep elf blademaster
  8835 | Elf:3    | Noticed a deep elf master archer
  8867 | Elf:3    | hurdos: I have XL21 but not have AC27, my AC is 15 :)
  8868 | Elf:3    | Killed a deep elf master archer
  8868 | Elf:3    | Reached skill level 20 in Earth Magic
  8882 | Elf:3    | Noticed a deep elf master archer
  8889 | Elf:3    | Killed a deep elf master archer
  8890 | Elf:3    | Noticed a deep elf demonologist
  8890 | Elf:3    | Misa: gargoyle is OP as hell
  8893 | Elf:3    | Killed a deep elf demonologist
  9010 | Elf:2    | 4tharraofdagon: naa
  9010 | Elf:2    | Misa: yeee
  9010 | Elf:2    | 4tharraofdagon: its still fragile
  9010 | Elf:2    | 4tharraofdagon: one iron shot would kill me
  9010 | Elf:2    | 4tharraofdagon: without problems
  9010 | Elf:2    | 4tharraofdagon: just average 60dmg
  9010 | Elf:2    | hurdos: show skills
  9010 | Elf:2    | Misa: so, you going to kill executioner later?
  9010 | Elf:2    | 4tharraofdagon: iron shot
  9010 | Elf:2    | 4tharraofdagon: conjure+sticky+iron shot
  9010 | Elf:2    | 4tharraofdagon: or ill see what i will find in elf3 chambers
  9010 | Elf:2    | 4tharraofdagon: maybe evokable items
  9010 | Elf:2    | 4tharraofdagon: ?
  9010 | Elf:2    | hurdos: or trash :)
  9010 | Elf:2    | 4tharraofdagon: yep
  9010 | Elf:2    | 4tharraofdagon: most likely
  9038 | Elf:3    | Noticed a deep elf demonologist
  9040 | Elf:3    | Noticed a deep elf annihilator
  9045 | Elf:3    | Noticed a deep elf sorcerer
  9046 | Elf:3    | Killed a deep elf sorcerer
  9048 | Elf:3    | Noticed an Ice Fiend
  9048 | Elf:3    | Killed a deep elf demonologist
  9049 | Elf:3    | Killed a deep elf annihilator
  9150 | Elf:3    | Noticed Mara
  9151 | Elf:3    | Noticed Mara
  9151 | Elf:3    | Noticed Mara
  9151 | Elf:3    | 4tharraofdagon: oh no
  9151 | Elf:3    | hurdos: holy shit
  9151 | Elf:3    | Misa: ooooooouch
  9177 | Elf:2    | hurdos: looks like elf:3 is closed
  9188 | Elf:2    | Misa: looks like elf 3 canceled for a while
  9266 | Elf:2    | Noticed a deep elf knight
  9275 | Elf:2    | Killed a deep elf knight
  9398 | Elf:2    | Killed an unseen horror
  9398 | Elf:2    | Gained mutation: Your wings are large and strong. [gargoyle growth]
  9398 | Elf:2    | Reached XP level 14. HP: 68/68 MP: 33/33
  9403 | Elf:2    | Killed an unseen horror
  9403 | Elf:2    | Reached skill level 21 in Earth Magic
  9403 | Elf:2    | Killed an unseen horror
  9404 | Elf:2    | Killed an unseen horror
  9406 | Elf:2    | Killed an unseen horror
  9571 | Elf:2    | Misa: *please be clarity*
  9635 | Elf:1    | Noticed a deep elf knight
  9637 | Elf:1    | Killed a deep elf knight
  9653 | Elf:1    | 4tharraofdagon: dream on
  9835 | Elf:2    | Noticed a deep elf knight
  9837 | Elf:2    | Killed a deep elf knight
  9837 | Elf:2    | Killed a deep elf knight
  9855 | Elf:2    | 4tharraofdagon: tornado winds?
  9855 | Elf:2    | 4tharraofdagon: nice!
 10031 | Elf:3    | Misa: weird
 10055 | Elf:3    | hurdos: there should be nice loot near tornado clouds
 10088 | Elf:3    | Noticed a deep elf annihilator
 10093 | Elf:3    | Killed a deep elf annihilator
 10143 | Elf:3    | Noticed a deep elf blademaster
 10151 | Elf:3    | Misa: 4 miss
 10160 | Elf:2    | 4tharraofdagon: diamond obelisk
 10160 | Elf:2    | Misa: never seen
 10160 | Elf:2    | 4tharraofdagon: what exp
 10160 | Elf:2    | hurdos: it has 1k HP
 10160 | Elf:2    | Misa: looks like no exp. Harmless
 10160 | Elf:2    | 4tharraofdagon: 15k exp
 10160 | Elf:2    | Misa: ou
 10160 | Elf:2    | 4tharraofdagon: 10k hp
 10171 | Elf:2    | hurdos: but tornado kill you first :)
 10396 | Elf:2    | Noticed a deep elf knight
 10398 | Elf:2    | Killed a deep elf knight
 10449 | Elf:2    | Killed Donald
 10510 | Elf:3    | Misa: poor donald
 10511 | Elf:3    | Yermak: Lol
 10513 | Elf:3    | Yermak: What's with that obelisk?
 10513 | Elf:3    | Misa: it spawns tornado
 10513 | Elf:3    | Yermak: it was a bit wrong place for it
 10513 | Elf:3    | 4tharraofdagon: it cant be lrd'ed?
 10513 | Elf:3    | hurdos: why so?
 10518 | Elf:3    | Yermak: I don't think so
 10542 | Elf:3    | Misa: eh, no clarity
 10558 | Elf:3    | Noticed a deep elf sorcerer
 10558 | Elf:3    | Shot with an arrow by a deep elf master archer

Action                   |  1- 3 |  4- 6 |  7- 9 | 10-12 | 13-15 || total
-------------------------+-------+-------+-------+-------+-------++-------
Melee: Unarmed           |    37 |       |       |       |       ||    37
       Flail             |     8 |    43 |    78 |   195 |       ||   324
       Staff             |       |       |       |       |     2 ||     2
 Fire: Blowgun           |       |     4 |       |       |       ||     4
 Cast: Sandblast         |    23 |     2 |    19 |    12 |       ||    56
       Stone Arrow       |       |     7 |    38 |    81 |     5 ||   131
       Lee's Rapid Decon |       |     2 |    31 |   121 |    63 ||   217
       Iron Shot         |       |       |       |     6 |    15 ||    21
       Stoneskin         |       |       |       |       |     5 ||     5
Evoke: Deck              |       |       |     2 |       |       ||     2
       Wand              |       |       |     8 |     7 |       ||    15
  Use: Potion            |     2 |     2 |     3 |     5 |     1 ||    13
       Scroll            |       |     4 |     3 |     8 |     7 ||    22
 Stab: Sleeping          |     1 |     1 |       |       |       ||     2
       Distracted        |       |       |       |     1 |       ||     1
